 Dungeon Crawl Stone Soup version 0.18.1-48-g4cf74bf (webtiles) character file.

138 meme the Skirmisher (level 5, -7/42 HPs)
             Began as a Demonspawn Abyssal Knight on July 8, 2016.
             Was a Priest of Lugonu.
             Killed by divine providence
             ... invoked by an orc priest
              (13 damage)
             ... on level 5 of the Dungeon.
             The game lasted 00:18:43 (1412 turns).

meme the Skirmisher (Demonspawn Abyssal Knight)     Turns: 1412, Time: 00:18:44

Health: -7/42      AC: 16    Str: 14    XL:     5   Next: 1%
Magic:  7/7        EV: 10    Int: 13    God:    Lugonu [***...]
Gold:   60         SH:  0    Dex: 12    Spells: 0 memorised, 4 levels left

rFire  . . .     SeeInvis .     k - +2 dagger (protect)
rCold  . . .     Gourm    .     j - +1 scale mail
rNeg   . . .     Faith    .     (no shield)
rPois  .         Spirit   .     (no helmet)
rElec  .         Dismiss  .     (no cloak)
rCorr  .         Reflect  .     (no gloves)
SustAt .         Harm     .     (no boots)
MR     .....                    (no amulet)
Stlth  ..........               (no ring)
                                (no ring)

@: confused, about to teleport, not resistant to hostile enchantments, extremely
unstealthy
A: claws 1, iridescent scales 1, demonic guardian 1
a: Depart the Abyss, Bend Space, Banish, Renounce Religion


You were on level 5 of the Dungeon.
You worshipped Lugonu.
Lugonu was most pleased with you.
You were not hungry.

You visited 1 branch of the dungeon, and saw 5 of its levels.
You visited the Abyss 1 time.

You collected 60 gold pieces.

Inventory:

Hand Weapons
 a - a +1 mace
 k - a +2 dagger of protection (weapon)
Missiles
 d - 8 poisoned needles
 i - 43 arrows
Armour
 j - a +1 scale mail (worn)
Scrolls
 l - a scroll of magic mapping {unknown}
Potions
 e - a potion of haste {unknown}
 f - a potion of ambrosia
 p - a potion of flight {unknown}
Comestibles
 c - 2 bread rations
 h - 2 slices of pizza
 m - a beef jerky
 o - a royal jelly


   Skills:
 + Level 4.0 Fighting
 + Level 0.1 Short Blades
 + Level 2.4 Maces & Flails
 + Level 2.0 Armour
 + Level 2.8 Dodging
 + Level 2.8 Invocations


You had 4 spell levels left.
You didn't know any spells.

Dungeon Overview and Level Annotations

Branches:
Dungeon (5/15)             Temple (0/1) D:5

Altars:
Cheibriados


Innate Abilities, Weirdness & Mutations

You have sharp fingernails.
You are partially covered in iridescent scales (AC +4).
A weak demonic guardian rushes to your aid.


Message History

The orc priest hits you with a hand axe.
* * * LOW HITPOINT WARNING * * *
The centaur hits you but does no damage.
Your white imp hits the centaur.
Your white imp freezes the centaur.
Read which item? (? for menu, Esc to quit)
As you read the scroll labeled CEZXEA VIFOWU, it crumbles to dust.
It is a scroll of enchant armour.
Enchant which item? (? for menu, Esc to quit)
Your +0 scale mail glows green for a moment.
The centaur hits you.
* * * LOW HITPOINT WARNING * * *
The orc priest casts a cantrip, but nothing happens.
Your white imp closely misses the centaur.
Drink which item? (? for menu, Esc to quit)
It was a potion of ambrosia.
You are confused.
You feel invigorated. The centaur barely misses you.
The orc priest mumbles some strange prayers to Beogh against you.
Beogh smites you!
You die...

.#.### .....
#### ##....
#$..# #..#.###
#.... #......
#.... #....#
#.#.... #....#
.......##@c..#
.......So()5.#
.......####..#
#..>... .....
....... .####
...⌠..o .#
....... #
.⌠.>.⌠$
.......


You could see a centaur, an orc priest, an adder and a friendly white imp.

Vanquished Creatures
  An orc wizard (D:3)
  4 adders
  An ooze (D:1)
  A worm (D:4)
  A dart slug (D:3)
  9 orcs
  3 bats (D:3)
  7 goblins
  2 hobgoblins
  4 kobolds
  A quokka (D:2)
  A ball python (D:1)
  A ball python skeleton (D:4)
  4 giant newts
  34 rats
74 creatures vanquished.

Vanquished Creatures (collateral kills)
  2 orcs (D:3)
2 creatures vanquished.

Grand Total: 76 creatures vanquished

Notes
Turn   | Place    | Note
--------------------------------------------------------------
     0 | Abyss:1  | meme the Demonspawn Abyssal Knight began the quest for the Orb.
     0 | Abyss:1  | Reached XP level 1. HP: 18/18 MP: 2/2
    49 | D:1      | Escaped the Abyss
   508 | D:1      | Gained mutation: You are partially covered in iridescent scales (AC +4). [demonic ancestry]
   508 | D:1      | Reached XP level 2. HP: 24/24 MP: 3/3
   528 | D:1      | Reached skill level 1 in Dodging
   667 | D:2      | Gained mutation: A weak demonic guardian rushes to your aid. [demonic ancestry]
   667 | D:2      | Reached XP level 3. HP: 27/30 MP: 5/5
   690 | D:2      | Reached ** piety under Lugonu
   890 | D:3      | Found a snail-covered altar of Cheibriados.
   896 | D:3      | Reached *** piety under Lugonu
   912 | D:3      | Reached XP level 4. HP: 37/37 MP: 6/6
   984 | D:3      | Reached skill level 4 in Fighting
  1394 | D:5      | Entered Level 5 of the Dungeon
  1394 | D:5      | Noticed a centaur
  1397 | D:5      | Found a staircase to the Ecumenical Temple.
  1402 | D:5      | Gained mutation: You have sharp fingernails. [demonic ancestry]
  1402 | D:5      | Reached XP level 5. HP: 34/42 MP: 7/7
  1411 | D:5      | HP: 1/42 [centaur (5)]
  1412 | D:5      | Killed from afar by an orc priest

Skill      XL: |  1  2  3  4 |
---------------+-------------+-----
Dodging        | 1 2 |  2.8
Armour         | 2 |  2.0
Maces & Flails | 2 |  2.4
Fighting       | 4 |  4.0
Short Blades   | |  0.1
Invocations    | |  2.8

Action                   |  1- 3 |  4- 6 || total
-------------------------+-------+-------++-------
Melee: Mace              |   166 |     8 ||   174
       Dagger            |       |   133 ||   133
Throw: Stone             |     1 |       ||     1
  Use: Scroll            |       |     2 ||     2
       Potion            |       |     1 ||     1
 Stab: Distracted        |       |     1 ||     1
  Eat: Chunk             |       |     2 ||     2
Armor: Leather armour    |    70 |       ||    70
       Scale mail        |     4 |    82 ||    86
Dodge: Dodged            |   114 |    65 ||   179
